 Dungeon Sprint DCSS version 0.24-a0-89-gce0dbf48b2 (webtiles) character file.

Game seed: 9240810602388669720

1773 Denreik the Thaumaturge (level 9, 0/71 (72) HPs)
             Began as a Gnoll Air Elementalist on Feb 8, 2019.
             Succumbed to a death drake's foul vapour
             ... in the Dungeon (Sprint II: "The Violet Keep of Menkaure").
             The game lasted 00:40:10 (2592 turns).

Denreik the Thaumaturge (Gnoll Air Elementalist)    Turns: 2592, Time: 00:40:11

HP:   0/71 (72)     AC: 13    Str: 17    XL:     9   Next: 7%
MP:   4/21          EV: 15    Int: 18    God:
Gold: 35            SH:  0    Dex: 17    Spells: 1/25 levels left

rFire    + . .     SeeInvis .   a - +10 trident "Denreik's Death" {venom, rPois rF+ MR+}
rCold    x . .     Gourm    .   (no shield)
rNeg     + + .     Faith    .   n - +6 scale mail of Qocabruiw {*Contam rC- rN++ Regen+}
rPois    +         Spirit   +   (no helmet)
rElec    .         Reflect  .   o - scarf {Spirit}
rCorr    .         Harm     .   (no gloves)
MR       +....     NoTele   +   (no boots)
Stlth    +++.......             (no amulet)
HPRegen  0.61/turn              k - +5 ring of strength
MPRegen  0.17/turn              (no ring)

@: lethally poisoned (0 -> -4), very slightly contaminated, hasted, very quick
A: distributed training, fangs 1, strong nose
a: no special abilities


You were in the Dungeon.
You were very hungry.

You visited 1 branch You collected 1053 gold pieces.
You spent 1018 gold pieces at shops.

Inventory:

Hand Weapons
 a - the +10 trident "Denreik's Death" (weapon) {venom, rPois rF+ MR+}
   (You bought it in a shop in the Dungeon)

   It poisons the flesh of those it strikes.
   It protects you from fire.
   It protects you from poison.
   It affects your resistance to hostile enchantments.
 b - a +0 arbalest
Missiles
 l - 23 bolts
Armour
 j - a +0 robe
 n - the +6 scale mail of Qocabruiw (worn) {*Contam rC- rN++ Regen+}
   (You bought it in a shop in the Dungeon)

   It makes you vulnerable to cold.
   It greatly protects you from negative energy.
   It causes magical contamination when unequipped.
   It increases your rate of regeneration.
 o - a scarf of spirit shield (worn)
Jewellery
 k - a +5 ring of strength (left hand)
Potions
 h - a potion of berserk rage
Comestibles
 c - 2 rations


   Skills:
 + Level 7.0 Fighting
 + Level 7.0 Short Blades
 + Level 7.0 Long Blades
 + Level 7.0 Axes
 + Level 7.0 Maces & Flails
 + Level 7.0 Polearms
 + Level 7.0 Staves
 + Level 7.0 Slings
 + Level 7.0 Bows
 + Level 7.0 Crossbows
 + Level 7.0 Throwing
 + Level 7.0 Armour
 + Level 8.5 Dodging
 + Level 8.3 Stealth
 + Level 7.0 Shields
 + Level 7.0 Unarmed Combat
 + Level 8.7 Spellcasting
 + Level 6.3 Conjurations
 + Level 5.8 Hexes
 + Level 5.8 Charms
 + Level 5.8 Summonings
 + Level 5.8 Necromancy
 + Level 5.8 Translocations
 + Level 5.8 Transmutations
 + Level 5.8 Fire Magic
 + Level 5.8 Ice Magic
 + Level 8.1 Air Magic
 + Level 5.8 Earth Magic
 + Level 5.8 Poison Magic
 + Level 7.7 Invocations
 + Level 7.0 Evocations


You had one spell level left.
You knew the following spells:

 Your Spells              Type           Power        Failure   Level  Hunger
a - Shock                 Conj/Air       ####         1%          1    None
b - Static Discharge      Conj/Air       ####....     4%          3    None
c - Swiftness             Chrm/Air       ####....     2%          2    None
d - Airstrike             Air            #####.....   10%         4    ###....
e - Mephitic Cloud        Conj/Pois/Air  ####....     4%          3    None
f - Poisonous Vapours     Pois/Air       ####..       2%          2    None
g - Conjure Flame         Conj/Fire      ####....     6%          3    None
h - Freezing Cloud        Conj/Ice/Air   ####......   94%         6    ######.

Your spell library contained the following spells:

 Spells                   Type           Power        Failure   Level  Hunger
 Lightning Bolt           Conj/Air       ####......   36%         5    #####..
 Ring of Flames           Chrm/Fire      ####......   100%        7    #######


Dungeon Overview and Level Annotations

Branches:
Dungeon (1/1)

Altars:
Cheibriados
Dithmenos
Elyvilon
Fedhas
Hepliaklqana
Kikubaaqudgha
Makhleb
Qazlal
Ru
Sif Muna
Trog
Uskayaw
Wu Jian
Xom
Yredelemnul
The Shining One
Beogh
Jiyva
Lugonu

Shops:
D [?:![(}[!:%=[=[:

Annotations:
D exclusion: oklob plant


Innate Abilities, Weirdness & Mutations

Your experience applies equally to all skills.
You have very sharp teeth.
Your uncanny sense of smell can sniff out nearby items.


Message History

The zap hits the death drake.
The death drake is heavily wounded.
The zap hits the death drake.
The death drake is lightly wounded.
The zap misses the death drake. x2; You are engulfed in dark miasma.
* * * LOW HITPOINT WARNING * * *
x2 You feel sick.
The death drake bites you.
Casting: Shock (safe; 1% risk of failure)
Confirm with . or Enter, or press ? or * to list all spells.
Aiming: Shock (safe; 1% risk of failure)
Press: ? - help, Shift-Dir - straight line The zap hits the death drake.
The death drake is severely wounded.
The zap hits the death drake but does no damage.
The death drake is lightly wounded.
The zap hits the death drake.
The death drake is moderately wounded.
The zap misses the death drake.
You are engulfed in dark miasma.
* * * LOW HITPOINT WARNING * * *
You die...

##########≈≈#+++#+++## ∆
#########≈≈≈.........# ∆
........#≈≈≈≈.##'##..#∆
...⌠....#≈≈≈≈##..###.#### ∆ ^##k
..∩.∩...#≈≈≈≈#..##.#....#∆ ...#
.∩.∩.∩..#≈≈####.#.####..## #^.#
∩.∩.∩.∩.#≈##.###'###.##..#∆ +^.#
.∩...∩.∩#≈#...##.###8.#..#∆∆#.^#
∩.....∩.'≈'##.'.@kk°##'8.### ^.##
.......∩#≈#...##.###..#§..k###°°.
▓▓▓▓▓▓###≈##.###'###○##......8≈°≈
$.G######≈≈####.#.####≈≈.....≈#+#
).E#$D ##≈≈≈#..#..#≈≈≈≈≈≈≈§.≈#..
∩PG+$)# #'#≈##.#.##≈≈≈≈≈≈≈≈.≈#._
$?.#?##. #.#≈≈##'##≈≈≈≈≈≈≈≈≈§≈#_.
$?$###z° ####≈≈≈≈≈≈≈≈≈≈§≈≈§≈§≈#._
∆#+++#+++#≈≈§≈§≈≈§≈#..


You could see 2 death drakes and a crystal guardian.

Vanquished Creatures
  A yaktaur (D)
  2 polar bears (D)
  2 tyrant leeches (D)
  A hornet (D)
  A vampire mosquito (D)
  2 swamp drakes (D)
  4 necrophages (D)
  A crocodile (D)
  4 worker ants (D)
  3 worms (D)
21 creatures vanquished.

Vanquished Creatures (others)
  A polar bear (D)
  Menkaure (D)
  A crocodile (D)
3 creatures vanquished.

Grand Total: 24 creatures vanquished

Notes
Turn   | Place    | Note
-------+----------+-------------------------------------------
     0 | D        | Denreik the Gnoll Air Elementalist began the quest for the
                  | Orb.
     0 | D        | Reached XP level 1. HP: 13/13 MP: 6/6
     1 | D        | Noticed a worker ant
     1 | D        | Noticed a worker ant
     6 | D        | Killed a worker ant
     6 | D        | Reached skill level 1 in Fighting
     6 | D        | Reached skill level 1 in Short Blades
     6 | D        | Reached skill level 1 in Long Blades
     6 | D        | Reached skill level 1 in Axes
     6 | D        | Reached skill level 1 in Maces & Flails
     6 | D        | Reached skill level 1 in Polearms
     6 | D        | Reached skill level 1 in Staves
     6 | D        | Reached skill level 1 in Slings
     6 | D        | Reached skill level 1 in Bows
     6 | D        | Reached skill level 1 in Crossbows
     6 | D        | Reached skill level 1 in Throwing
     6 | D        | Reached skill level 1 in Armour
     6 | D        | Reached skill level 1 in Shields
     6 | D        | Reached skill level 1 in Unarmed Combat
     6 | D        | Reached skill level 5 in Spellcasting
     6 | D        | Reached skill level 1 in Hexes
     6 | D        | Reached skill level 1 in Charms
     6 | D        | Reached skill level 1 in Summonings
     6 | D        | Reached skill level 1 in Necromancy
     6 | D        | Reached skill level 1 in Translocations
     6 | D        | Reached skill level 1 in Transmutations
     6 | D        | Reached skill level 1 in Fire Magic
     6 | D        | Reached skill level 1 in Ice Magic
     6 | D        | Reached skill level 1 in Earth Magic
     6 | D        | Reached skill level 1 in Poison Magic
     6 | D        | Reached skill level 1 in Invocations
     6 | D        | Reached skill level 1 in Evocations
     6 | D        | Reached XP level 2. HP: 21/21 MP: 2/8
    22 | D        | Reached skill level 5 in Dodging
    22 | D        | Reached XP level 3. HP: 12/27 MP: 0/9
    44 | D        | Killed Menkaure
    68 | D        | Killed a crocodile
   262 | D        | Learned a level 3 spell: Static Discharge
   265 | D        | Learned a level 2 spell: Swiftness
   274 | D        | Reached XP level 4. HP: 32/34 MP: 6/11
   325 | D        | Reached skill level 5 in Stealth
   490 | D        | Learned a level 4 spell: Airstrike
   490 | D        | Noticed a tyrant leech
   490 | D        | Noticed a tyrant leech
   563 | D        | Noticed an ice statue
   569 | D        | Noticed a necrophage
   569 | D        | Noticed a necrophage
   569 | D        | Noticed a necrophage
   569 | D        | Noticed a necrophage
   576 | D        | Killed a necrophage
   576 | D        | Reached XP level 5. HP: 30/42 MP: 4/13
   579 | D        | Killed a necrophage
   579 | D        | Reached XP level 6. HP: 35/48 MP: 3/15
   579 | D        | Killed a necrophage
   579 | D        | Reached skill level 5 in Invocations
   582 | D        | Killed a necrophage
   582 | D        | Reached skill level 5 in Fighting
   582 | D        | Reached skill level 5 in Short Blades
   582 | D        | Reached skill level 5 in Long Blades
   582 | D        | Reached skill level 5 in Axes
   582 | D        | Reached skill level 5 in Maces & Flails
   582 | D        | Reached skill level 5 in Polearms
   582 | D        | Reached skill level 5 in Staves
   582 | D        | Reached skill level 5 in Slings
   582 | D        | Reached skill level 5 in Bows
   582 | D        | Reached skill level 5 in Crossbows
   582 | D        | Reached skill level 5 in Throwing
   582 | D        | Reached skill level 5 in Armour
   582 | D        | Reached skill level 5 in Shields
   582 | D        | Reached skill level 5 in Unarmed Combat
   582 | D        | Reached skill level 5 in Evocations
   582 | D        | Reached XP level 7. HP: 29/56 MP: 1/17
   591 | D        | Found Utaff's Antique Armour Boutique.
   591 | D        | Found Ryramm's Antique Armour Shop.
   591 | D        | Found Dutis's Book Boutique.
   591 | D        | Found Bireugy's Food Boutique.
   591 | D        | Found Effan's Distillery.
   592 | D        | Found Ciutom's Book Shop.
   592 | D        | Found Pyhawoum's Jewellery Shop.
   592 | D        | Found Juner Ypuliz's Antique Armour Shop.
   733 | D        | Found Guntis's Gadget Shop.
   733 | D        | Found Vurhas's Antique Weapon Boutique.
   734 | D        | Found Xavvet's Jewellery Boutique.
   734 | D        | Noticed a shining eye
   735 | D        | Found Jussono's Armour Shop.
   735 | D        | Found Nynub's Distillery.
   735 | D        | Noticed a shining eye
   735 | D        | Noticed a shining eye
   735 | D        | Noticed an oklob plant
   739 | D        | Found Mipn's Magic Scroll Shop.
   739 | D        | Found Variri's Antique Armour Boutique.
   739 | D        | Found Tesiobek's Book Shoppe.
   746 | D        | Noticed an iron elemental
   757 | D        | Noticed an ice dragon
   757 | D        | Noticed a flying skull
   757 | D        | Noticed a flying skull
   770 | D        | Bought a book of Clouds for 450 gold pieces
   774 | D        | Learned a level 3 spell: Mephitic Cloud
   777 | D        | Learned a level 2 spell: Poisonous Vapours
   781 | D        | Learned a level 3 spell: Conjure Flame
   784 | D        | Bought a potion of flight for 42 gold pieces
   836 | D        | Noticed an orange crystal statue
   878 | D        | Bought a translucent trident for 127 gold pieces
   878 | D        | Identified the +10 trident "Denreik's Death" {venom, rPois
                  | rF+ MR+} (You bought it in a shop in the Dungeon)
   889 | D        | Noticed a vampire mosquito
   894 | D        | Killed a vampire mosquito
   894 | D        | Reached skill level 5 in Conjurations
  1028 | D        | Found a roughly hewn altar of Beogh.
  1029 | D        | Found a hazy altar of Hepliaklqana.
  1029 | D        | Found a snail-covered altar of Cheibriados.
  1030 | D        | Found a stormy altar of Qazlal.
  1030 | D        | Found a viscous altar of Jiyva.
  1030 | D        | Found a shadowy altar of Dithmenos.
  1031 | D        | Found a sacrificial altar of Ru.
  1031 | D        | Found an ancient bone altar of Kikubaaqudgha.
  1031 | D        | Found a white marble altar of Elyvilon.
  1032 | D        | Found an ornate altar of the Wu Jian Council.
  1032 | D        | Found a deep blue altar of Sif Muna.
  1032 | D        | Found a corrupted altar of Lugonu.
  1033 | D        | Found a shimmering altar of Xom.
  1033 | D        | Found a bloodstained altar of Trog.
  1033 | D        | Found a burning altar of Makhleb.
  1035 | D        | Noticed a polar bear
  1040 | D        | Noticed a polar bear
  1043 | D        | Killed a polar bear
  1043 | D        | Noticed a hornet
  1045 | D        | Noticed a polar bear
  1064 | D        | Killed a polar bear
  1064 | D        | Reached skill level 5 in Hexes
  1064 | D        | Reached skill level 5 in Charms
  1064 | D        | Reached skill level 5 in Summonings
  1064 | D        | Reached skill level 5 in Necromancy
  1064 | D        | Reached skill level 5 in Translocations
  1064 | D        | Reached skill level 5 in Transmutations
  1064 | D        | Reached skill level 5 in Fire Magic
  1064 | D        | Reached skill level 5 in Ice Magic
  1064 | D        | Reached skill level 5 in Earth Magic
  1064 | D        | Reached skill level 5 in Poison Magic
  1064 | D        | Reached XP level 8. HP: 32/64 MP: 0/19
  1084 | D        | Killed a polar bear
  1237 | D        | Noticed a yaktaur
  1254 | D        | Killed a yaktaur
  1408 | D        | Killed a hornet
  1474 | D        | Noticed a death drake
  1475 | D        | Noticed a death drake
  1664 | D        | Killed a tyrant leech
  2044 | D        | Killed a tyrant leech
  2044 | D        | Reached XP level 9. HP: 53/72 MP: 3/21
  2058 | D        | Learned a level 6 spell: Freezing Cloud
  2063 | D        | Bought a jewelled scale mail for 243 gold pieces
  2073 | D        | Identified the +6 scale mail of Qocabruiw {*Contam rC- rN++
                  | Regen+} (You bought it in a shop in the Dungeon)
  2075 | D        | Bought a scarf of spirit shield for 126 gold pieces
  2212 | D        | Bought a potion of curing for 30 gold pieces
  2259 | D        | Found a blossoming altar of Fedhas.
  2399 | D        | Noticed a crystal guardian
  2558 | D        | Found a glowing golden altar of the Shining One.
  2558 | D        | Found a basalt altar of Yredelemnul.
  2558 | D        | Found a hide-covered altar of Uskayaw.
  2590 | D        | HP: 3/71 [poisoned by a death drake (foul vapour)]
  2592 | D        | HP: 1/71 [death drake] (1)]
  2592 | D        | Succumbed to a death drake's foul vapour

Levels and vault maps discovered:
D:        the_violet_keep_of_menkaure [sprint2_stairs_cluster_1,
          sprint2_shoproom, sprint2_temple, sprint2_basic_supplies,
          sprint2_obstacle_7, sprint2_obstacle_4, sprint2_obstacle_2,
          sprint2_obstacle_1, sprint2_obstacle_5, sprint2_timed_cluster_1,
          sprint2_smallroom_cluster_1, sprint2_smallroom_final_cluster_1,
          sprint2_transparent_cluster_1, sprint2_second_timed_cluster_1,
          sprint2_sniper_area_1, sprint2_heavy_combat_area_1,
          sprint2_mutation_trap_area_1, sprint2_forest_area_1,
          sprint2_light_combat_area_1, sprint2_behind_water_1,
          sprint2_near_end_vault_1]

Skill      XL: |  1  2  3  4  5  6  7  8 |
---------------+-------------------------+-----
Fighting       | 1 2 3 4 5 6 7 |  7.0
Short Blades   | 1 2 3 4 5 6 7 |  7.0
Long Blades    | 1 2 3 4 5 6 7 |  7.0
Axes           | 1 2 3 4 5 6 7 |  7.0
Maces & Flails | 1 2 3 4 5 6 7 |  7.0
Polearms       | 1 2 3 4 5 6 7 |  7.0
Staves         | 1 2 3 4 5 6 7 |  7.0
Slings         | 1 2 3 4 5 6 7 |  7.0
Bows           | 1 2 3 4 5 6 7 |  7.0
Crossbows      | 1 2 3 4 5 6 7 |  7.0
Throwing       | 1 2 3 4 5 6 7 |  7.0
Armour         | 1 2 3 4 5 6 7 |  7.0
Shields        | 1 2 3 4 5 6 7 |  7.0
Unarmed Combat | 1 2 3 4 5 6 7 |  7.0
Spellcasting   | 5 6 7 8 |  8.7
Conjurations   | 2 3 4 5 6 |  6.3
Hexes          | 1 2 3 4 5 |  5.8
Charms         | 1 2 3 4 5 |  5.8
Summonings     | 1 2 3 4 5 |  5.8
Necromancy     | 1 2 3 4 5 |  5.8
Translocations | 1 2 3 4 5 |  5.8
Transmutations | 1 2 3 4 5 |  5.8
Fire Magic     | 1 2 3 4 5 |  5.8
Ice Magic      | 1 2 3 4 5 |  5.8
Earth Magic    | 1 2 3 4 5 |  5.8
Poison Magic   | 1 2 3 4 5 |  5.8
Invocations    | 1 2 4 5 6 7 |  7.7
Evocations     | 1 2 3 4 5 6 7 |  7.0
Dodging        | 5 6 7 8 |  8.5
Stealth        | 5 6 7 8 |  8.3
Air Magic      | 6 7 8 |  8.1

Action                   |  1- 3 |  4- 6 |  7- 9 || total
-------------------------+-------+-------+-------++-------
Melee: Unarmed           |    12 |       |       ||    12
       Bite              |     2 |       |     1 ||     3
       Punch             |     1 |       |       ||     1
       Trident           |       |       |    27 ||    27
 Cast: Shock             |    10 |    23 |    19 ||    52
       Airstrike         |       |       |    14 ||    14
       Mephitic Cloud    |       |       |    11 ||    11
       Static Discharge  |       |       |     7 ||     7
       Conjure Flame     |       |       |     2 ||     2
       Poisonous Vapours |       |       |     2 ||     2
  Use: Potion            |       |       |     7 ||     7
       Scroll            |       |       |     1 ||     1
 Stab: Confused          |       |       |     2 ||     2
  Eat: Chunk             |       |       |     6 ||     6
Armor: Robe              |     1 |     2 |     1 ||     4
       Scale mail        |       |       |     7 ||     7
Dodge: Dodged            |    19 |     4 |    28 ||    51

Table legend:
 A = Non-vault XP
 B = Vault XP
 C = Vault XP percentage of total XP
 D = Non-vault monster count
 E = Vault monster count
 F = Vault count percentage of total count
                 A         B        C        D         E       F
            +---------+---------+-------+---------+---------+-------
      Total |       0 |    2533 | 100.0 |       0 |      22 | 100.0
            +---------+---------+-------+---------+---------+-------
          D |       0 |    2533 | 100.0 |       0 |      22 | 100.0
            +---------+---------+-------+---------+---------+-------
